 Dungeon Crawl Stone Soup version 0.26-b1-32-g5d43845318 (webtiles) character file.

Game seed: 4511490202999207858

1573328 Anon1729 the Metallomancer (level 27, 136/256 HPs)
             Began as a Grey Draconian Transmuter on Jan 9, 2021.
             Was a Follower of Uskayaw.
             Escaped with the Orb
             ... and 3 runes!
             The game lasted 04:02:01 (98978 turns).

Anon1729 the Metallomancer (DrTm)                  Turns: 98978, Time: 04:02:02

Health: 136/256    AC: 31    Str: 18    XL:     27
Magic:  40/41      EV: 15    Int: 28    God:    Uskayaw [*.....]
Gold:   9361       SH:  5    Dex: 12    Spells: 16/64 levels left

rFire    + + .     SeeInvis +     - Unarmed
rCold    + . .     Faith    .   (no shield)
rNeg     + + .     Spirit   .   (armour unavailable)
rPois    .         Reflect  +   p - +3 crown of Dyrovepreva {rElec Int+2 SInv}
rElec    +         Harm     .   c - scarf {rC+ rF+}
rCorr    .         Rampage  .   R - +2 pair of gloves of the Thirteen Demons {Str+3}
Will     ++...                  b - +2 pair of boots
Stlth    +.........             u - amulet of reflection
HPRegen  0.52/turn              l - ring "Veqol" {rN++ AC+4 Str+4}
MPRegen  0.27/turn              K - ring of protection from fire

@: no status effects
A: walk through water, unfitting armour, horns 2, blink, low mp 1, weak 1,
unbreathing, cold-blooded, MP-powered wands, AC +18
0: Orb of Zot
}: 3/15 runes: decaying, serpentine, silver
a: Blink, Renounce Religion, Stomp


You escaped.
You worshipped Uskayaw.
Uskayaw was most pleased with you.
You visited 11 branches of the dungeon, and saw 53 of its levels.
You also visited: Gauntlet, Ice Cave and Wizlab.

You collected 11029 gold pieces.
You spent 1668 gold pieces at shops.

Inventory:

Missiles
 O - 9 curare-tipped darts
Armour
 b - a +2 pair of boots (worn)
 c - a scarf of resistance (worn)
 p - the +3 crown of Dyrovepreva (worn) {rElec Int+2 SInv}
   (You found it on level 2 of the Realm of Zot)

   It affects your intelligence (+2).
   It insulates you from electricity.
   It lets you see invisible.
 F - the +2 hat of Unnejea {Regen+}
   (You acquired it on level 6 of the Lair of Beasts)

   It increases your rate of regeneration.
 R - the +2 pair of gloves of the Thirteen Demons (worn) {Str+3}
   (You found it on level 1 of the Vaults)

   It affects your strength (+3).
Magical Staves
 S - an uncursed staff of earth
Jewellery
 h - the ring "Fusil" {rC+ Dex+6 Stlth+}
   (You found it in a Gauntlet)

   [ring of dexterity]

   It affects your dexterity (+6).
   It protects you from cold.
   It makes you more stealthy.
 l - the ring "Veqol" (left hand) {rN++ AC+4 Str+4}
   (You found it on level 2 of the Crypt)

   [ring of protection]

   It affects your AC (+4).
   It affects your strength (+4).
   It greatly protects you from negative energy.
 u - an amulet of reflection (around neck)
 E - the ring of the Hippo {Int+6 Slay+3}
   (You found it in an ice cave)

   [ring of intelligence]

   It affects your intelligence (+6).
   It affects your accuracy and damage with ranged weapons and melee attacks
   (+3).
 G - the ring of the Orange Skies {+Inv rN+ SInv}
   (You took it off a deep elf mage on level 3 of the Elven Halls)

   [ring of see invisible]

   It protects you from negative energy.
   It lets you see invisible.
   It lets you turn invisible.
 K - a ring of protection from fire (right hand)
 L - the ring of Ixeck {rPois rF- rCorr Slay+3}
   (You took it off a deep elf mage on level 3 of the Elven Halls)

   [ring of resist corrosion]

   It affects your accuracy and damage with ranged weapons and melee attacks
   (+3).
   It makes you vulnerable to fire.
   It protects you from poison.
   It provides partial protection from all sources of acid and corrosion.
Wands
 x - a wand of acid (39)
 H - a wand of paralysis (20)
 P - a wand of digging (33)
 Q - a wand of polymorph (35)
 T - a wand of enslavement (20)
 U - a wand of iceblast (9)
 V - a wand of disintegration (108)
Scrolls
 f - 38 scrolls of remove curse
 j - 10 scrolls of amnesia
 m - 13 scrolls of magic mapping
 n - 4 scrolls of immolation
 o - 5 scrolls of fog
 r - 22 scrolls of identify
 v - 24 scrolls of teleportation
 w - 3 scrolls of holy word
 y - 3 scrolls of blinking
 I - 8 scrolls of fear
 N - 9 scrolls of enchant armour
 Z - 2 scrolls of summoning
Potions
 a - 8 potions of ambrosia
 d - 10 potions of heal wounds
 e - 16 potions of attraction
 g - 8 potions of mutation
 i - 8 potions of resistance
 k - 17 potions of flight
 q - 8 potions of berserk rage
 s - 33 potions of curing
 t - 6 potions of magic
 z - 7 potions of haste
 A - 4 potions of invisibility
 B - 12 potions of brilliance
 C - 11 potions of might
 D - 7 potions of cancellation
Miscellaneous
 J - a phantom mirror
 M - a phial of floods
 W - a condenser vane
 X - a lightning rod (4/4)
 Y - a box of beasts


   Skills:
 + Level 22.7 Fighting
 - Level 6.6 Dodging
 + Level 22.0 Unarmed Combat
 + Level 19.4 Spellcasting
 - Level 2.0 Translocations
 + Level 21.8 Transmutations
 + Level 24.9 Earth Magic
 - Level 4.0 Poison Magic
 + Level 17.7 Invocations
 - Level 17.4 Evocations


You had 16 spell levels left.
You knew the following spells:

 Your Spells              Type           Power        Failure   Level
a - Shatter               Erth           52%          5%          9
b - Wereblood             Tmut           99%          0%          2
c - Spider Form           Tmut/Pois      39%          1%          3
d - Blade Hands           Tmut           49%          0%          5
e - Blink                 Tloc           N/A          1%          2
f - Statue Form           Tmut/Erth      68%          0%          6
g - Lee's Rapid Deconstr  Erth           52%          0%          5
h - Stone Arrow           Conj/Erth      100%         1%          3
i - Dragon Form           Tmut           49%          1%          7
j - Passwall              Tmut/Erth      85%          0%          2
k - Ignite Poison         Fire/Tmut/Pois 66%          1%          3
l - Apportation           Tloc           76%          1%          1

Your spell library contained the following spells:

 Spells                   Type           Power        Failure   Level
 Beastly Appendage        Tmut           100%         0%          1
 Sandblast                Erth           100%         0%          1
 Petrify                  Tmut/Erth      100%         0%          4
 Animate Skeleton         Necr           54%          1%          1
 Corona                   Hex            30%          1%          1
 Foxfire                  Conj/Fire      100%         1%          1
 Magic Dart               Conj           100%         1%          1
 Shock                    Conj/Air       100%         1%          1
 Summon Small Mammal      Summ           100%         1%          1
 Gell's Gravitas          Tloc           19%          1%          3
 Lesser Beckoning         Tloc           19%          1%          3
 Ice Form                 Ice/Tmut       73%          1%          4
 Leda's Liquefaction      Hex/Erth       38%          1%          4
 Alistair's Intoxication  Tmut/Pois      52%          1%          5
 Bolt of Magma            Conj/Fire/Erth 32%          1%          5
 Borgnjor's Vile Clutch   Necr/Erth      38%          1%          5
 Irradiate                Conj/Tmut      36%          1%          5
 Yara's Violent Unravell  Hex/Tmut       36%          1%          5
 Eringya's Noxious Bog    Tmut/Pois      39%          1%          6
 Hydra Form               Tmut           49%          1%          6
 Iron Shot                Conj/Erth      38%          1%          6
 Call Imp                 Summ           27%          2%          2
 Corpse Rot               Necr/Air       N/A          2%          2
 Ensorcelled Hibernation  Hex/Ice        54%          2%          2
 Searing Ray              Conj           54%          2%          2
 Slow                     Hex            27%          2%          2
 Swiftness                Air            27%          2%          2
 Mephitic Cloud           Conj/Pois/Air  34%          2%          3
 Portal Projectile        Hex/Tloc       64%          3%          3
 Confusing Touch          Hex            27%          4%          3
 Conjure Flame            Conj/Fire      27%          4%          3
 Dazzling Flash           Conj/Hex       54%          4%          3
 Static Discharge         Conj/Air       27%          4%          3
 Summon Guardian Golem    Hex/Summ       27%          4%          3
 Tukima's Dance           Hex            27%          4%          3
 Passage of Golubria      Tloc           N/A          7%          4
 Iskenderun's Mystic Bla  Conj/Tloc      32%          10%         4
 Airstrike                Air            13%          16%         4
 Animate Dead             Necr           13%          16%         4
 Cause Fear               Hex            13%          16%         4
 Fulminant Prism          Conj/Hex       13%          16%         4
 Hailstorm                Conj/Ice       27%          16%         4
 Sticky Flame             Conj/Fire      27%          16%         4
 Summon Ice Beast         Ice/Summ       27%          16%         4
 Summon Lightning Spire   Summ/Air       27%          16%         4
 Summon Forest            Summ/Tloc      16%          28%         5
 Iskenderun's Battlesphe  Conj           27%          38%         5
 Lightning Bolt           Conj/Air       13%          38%         5
 Metabolic Englaciation   Hex/Ice        13%          38%         5
 Silence                  Hex/Air        13%          38%         5
 Summon Demon             Summ           13%          38%         5
 Summon Mana Viper        Hex/Summ       27%          38%         5
 Dispersal                Tloc           19%          71%         6
 Necromutation            Tmut/Necr      36%          75%         8
 Conjure Ball Lightning   Conj/Air       13%          93%         6
 Death Channel            Necr           13%          93%         6
 Freezing Cloud           Conj/Ice/Air   13%          93%         6
 Invisibility             Hex            27%          93%         6
 Ozocubu's Refrigeration  Ice            13%          93%         6
 Shadow Creatures         Summ           N/A          93%         6
 Simulacrum               Ice/Necr       13%          93%         6
 Haunt                    Necr/Summ      13%          100%        7
 Malign Gateway           Summ/Tloc      16%          100%        7
 Monstrous Menagerie      Summ           13%          100%        7
 Orb of Destruction       Conj           13%          100%        7
 Spellforged Servitor     Conj/Summ      13%          100%        7
 Summon Greater Demon     Summ           13%          100%        7
 Summon Hydra             Summ           13%          100%        7
 Borgnjor's Revivificati  Necr           13%          100%        8
 Discord                  Hex            13%          100%        8
 Disjunction              Tloc           19%          100%        8
 Infestation              Necr           13%          100%        8
 Summon Horrible Things   Summ           13%          100%        8
 Death's Door             Necr           13%          100%        9
 Dragon's Call            Summ           13%          100%        9
 Tornado                  Air            13%          100%        9


Dungeon Overview and Level Annotations

Branches:
Dungeon (15/15)            Temple (1/1) D:4            Lair (6/6) D:9
  Swamp (4/4) Lair:2        Snake (4/4) Lair:4        Slime (0/5) Lair:5
    Orc (2/2) D:12            Elf (3/3) Orc:2        Vaults (5/5) D:14
  Crypt (3/3) Vaults:3       Tomb (0/3) Crypt:3      Depths (5/5) D:15
    Zot (5/5) Depths:5      IceCv (visited)          WizLab (visited)
Gauntlet (visited)

Altars:
Ashenzari
Cheibriados
Dithmenos
Elyvilon
Fedhas
Gozag
Hepliaklqana
Kikubaaqudgha
Makhleb
Nemelex Xobeh
Okawaru
Qazlal
Ru
Sif Muna
Trog
Uskayaw
Vehumet
Wu Jian
Xom
Yredelemnul
Zin
The Shining One
Beogh
Jiyva

Shops:
D:4 [   D:6 *   D:7 }   D:14 :   Orc:2 [(*!   Elf:1 [   Snake:2 }
Snake:4 [*(!   Vaults:4 !

Portals:
Hell: Depths:1 Depths:2 Depths:3 Depths:4 Depths:5
Abyss: Depths:1 Depths:4 Depths:5
Pandemonium: Depths:2 Depths:3
Ziggurat: Depths:5

Annotations:
D:9 1 runed translucent door
Lair:4 exclusion: 2 oklob plants
Lair:5 1 runed translucent door
Swamp:2 1 transporter
Depths:5 3 runed translucent doors


Innate Abilities, Weirdness & Mutations

You can walk through water.
Your dull iron-grey scales are very hard. (AC +18)
You cannot fit into any form of body armour.
You can survive without breathing.
You are cold-blooded and may be slowed by cold attacks.
You have a pair of horns on your head.
You can translocate small distances at will.
Your magical capacity is low. (-10% MP)
You are weak. (Str -2)
You expend magic power (3 MP) to strengthen your wands.


Message History

g - Guard the area. f - Follow me.
Anything else - Cancel.
Retreat in which direction?
Press: ? - help, Dir - move target
Okay, then.
Blink to where?
Press: ? - help, Dir - move target
As you read the scroll of blinking, it crumbles to dust.
Casting: Passwall (safe; 0% risk of failure)
Confirm with . or Enter, or press ? or * to list all spells.
Aiming: Passwall (safe; 0% risk of failure)
Press: ? - help, Dir - move target A rock wall.
This square is covered in magical glow.
You begin to meditate on the wall.
You continue meditating on the rock. x3
You finish merging with the rock.
Blink to where?
Press: ? - help, Dir - move target
As you read the scroll of blinking, it crumbles to dust.
You have escaped!

##.....#.##...###
#....##.#
#...)....##'''##
#^.####.#
##.....###8...8## #..#
##.#
###(..##.......###..#
#†.#
♣#####.........#####♣####
♣.......8...8.......♣
♣♣.................♣♣
♣................♣♣
♣♣♣♣♣..8.@.8....♣♣
♣♣♣.......♣♣♣ ♣♣♣.♣♣♣♣♣
♣♣♣


There were no monsters in sight!

Vanquished Creatures
  Khufu (Crypt:2)
  6 ancient liches
  4 orbs of fire
  4 juggernauts
  The ghost of Toelubet the Slayer, a veteran CeHu of Okawaru (Zot:2)
  2 royal mummies (Crypt:2)
  Sojobo (Vaults:3)
  Frederick (Crypt:2)
  9 Killer Klowns
  The ghost of Qiwept the Fencer, a veteran BaIE of Cheibriados (Depths:1)
  The ghost of Dameikh the Hoplite, a veteran FoFi of Nemelex Xobeh (Depths:5)
  Vashnia (Snake:4)
  4 curse toes
  Margery (Depths:4)
  3 caustic shrikes
  Nikola (Depths:3)
  15 golden dragons
  A profane servitor (Crypt:3)
  3 bone dragons
  A Brimstone Fiend (D:9)
  7 electric golems
  5 liches
  16 tentacled monstrosities
  Jorgrun (Elf:1)
  28 Orb Guardians
  A Hell Sentinel (D:11)
  2 deep elf blademasters
  6 titans
  8 quicksilver dragons
  6 sphinxes
  A deep elf master archer (Elf:3)
  An Executioner (D:11)
  Gastronok (D:9)
  13 death cobs
  13 tengu reavers
  A thorn hunter (Swamp:1)
  12 storm dragons
  4 ancient champions
  Agnes (Elf:2)
  10 shadow dragons
  11 draconian monks
  A fenstrider witch (Swamp:4)
  6 deep elf sorcerers (Elf:3)
  10 nagarajas
  7 fire giants
  2 revenants
  14 vault wardens
  4 draconian knights
  4 ghost moths
  A balrug (Depths:2)
  A cacodemon (Depths:3)
  Louise (Snake:1)
  2 draconian stormcallers
  An emperor scorpion (shapeshifter) (Vaults:3)
  8 draconian scorchers
  5 curse skulls
  An orc warlord (Orc:2)
  12 frost giants
  2 iron dragons (Vaults:5)
  15 ghouls
  9 draconian shifters
  13 ironheart preservers
  5 deep elf elementalists
  2 reapers (Crypt:2)
  20 very ugly things
  3 war gargoyles
  5 spriggan defenders
  3 draconian annihilators
  23 stone giants
  9 vampire knights
  11 green draconians
  6 deep elf demonologists
  13 black draconians
  11 red draconians
  2 bunyips (Swamp:2)
  14 yellow draconians
  17 deep elf annihilators
  15 purple draconians
  A minotaur (Gauntlet)
  A bunyip (shapeshifter) (Elf:3)
  9 white draconians
  3 entropy weavers
  13 eidola
  A merfolk javelineer (Depths:2)
  Josephine (Snake:1)
  10 spark wasps
  10 deep elf death magi
  9 statues (WizLab)
  8 jiangshi
  9 deep elf high priests
  2 green deaths
  A mummy priest (Crypt:3)
  2 eleionomae
  11 fire dragons
  6 shambling mangroves
  A quicksilver dragon zombie (Crypt:3)
  10 great orbs of eyes
  38 vault guards
  18 yaktaur captains
  8 ettins
  Erolcha (D:10)
  A small abomination (Depths:5)
  4 boulder beetles
  17 naga warriors
  4 spriggan air magi
  7 death knights
  16 ice dragons
  A hell beast (Depths:3)
  22 hydras
  2 catoblepae
  3 rakshasas
  Erica (D:9)
  8 alligators
  12 centaur warriors
  19 anacondas
  An anaconda (shapeshifter) (Vaults:5)
  2 ghost crabs
  29 dancing weapons
  4 deep troll shamans
  7 tengu warriors
  A two-headed ogre (shapeshifter) (Vaults:5)
  9 ogre magi
  3 deep troll earth magi
  8 vampire magi
  7 death yaks
  10 naga sharpshooters
  2 titan zombies (Crypt:3)
  25 two-headed ogres
  6 spriggan berserkers
  Nergalle (Lair:3)
  11 shock serpents
  A titan skeleton (Crypt:2)
  10 hell knights
  25 deep elf knights
  9 spriggans
  3 shadow wraiths
  Sonja (Lair:2)
  10 soul eaters
  A fire crab (shapeshifter) (Depths:3)
  10 goliath frogs
  5 salamander mystics
  18 skeletal warriors
  A death drake (Zot:2)
  2 sixfirhies (Zot:1)
  A ghost moth zombie (Crypt:2)
  14 flayed ghosts
  A goliath frog (shapeshifter) (Vaults:2)
  A shadow demon (D:14)
  A sea snake (shapeshifter) (Vaults:1)
  A torturous demonspawn (Depths:2)
  A quicksilver dragon simulacrum (Crypt:2)
  2 wizards
  2 anaconda zombies
  3 glowing orange brains
  3 unseen horrors
  A golden dragon zombie (D:15)
  7 deep trolls
  5 bog bodies
  2 orange crystal statues
  2 spriggan druids (Swamp:2)
  13 swamp dragons
  An infernal demonspawn (Depths:2)
  28 phantasmal warriors
  15 orc knights
  12 naga ritualists
  4 lindwurms
  19 deep elf archers
  13 ironbrand convokers
  2 shadow dragon zombies
  16 mana vipers
  A wolf spider (shapeshifter) (Vaults:5)
  14 necromancers
  A lindwurm (shapeshifter) (Depths:1)
  9 harpies (Vaults:2)
  2 wolf spider zombies
  8 orc sorcerers
  42 ugly things
  82 deep elf magi
  3 stone giant zombies
  A fire giant zombie (D:15)
  6 wolf spiders
  5 will-o-the-wisps
  A manticore (shapeshifter) (Vaults:5)
  2 iron dragon zombies (Crypt:2)
  3 manticores
  A shining eye (shapeshifter) (Vaults:4)
  11 salamanders
  36 elephants
  5 cyclopes
  46 black mambas
  3 centaur zombies
  19 moths of wrath
  An elephant (shapeshifter) (Depths:5)
  An iron dragon skeleton (Crypt:2)
  3 rust devils
  2 black mambas (shapeshifter)
  A guardian serpent (shapeshifter) (Vaults:5)
  13 naga magi
  2 dire elephant zombies
  Psyche (D:11)
  10 guardian serpents
  13 vault sentinels
  3 fire giant skeletons
  A torpor snail (Lair:3)
  A cane toad (shapeshifter) (Vaults:3)
  3 orange demons
  A shock serpent zombie (Crypt:3)
  2 gargoyles
  17 cane toads
  A torpor snail (shapeshifter) (Depths:3)
  A minotaur zombie (Gauntlet)
  5 spectral swamp worms (Depths:5)
  An elephant slug zombie (Crypt:2)
  A red draconian zombie (Crypt:2)
  A rime drake (Lair:4)
  9 freezing wraiths
  A rime drake (shapeshifter) (Depths:2)
  A hellion (D:8)
  A green draconian zombie (Crypt:1)
  5 komodo dragons
  56 yaktaurs
  5 kobold demonologists
  A tormentor (D:12)
  A black draconian skeleton (Crypt:1)
  3 guardian mummies
  3 ice devils
  A queen bee (Lair:3)
  2 polar bears (shapeshifter) (Depths:2)
  2 hellwings
  4 wolf spider simulacra
  13 trolls
  A harpy zombie (Crypt:3)
  6 meliai
  A hydra zombie (Crypt:3)
  2 meliai (shapeshifter)
  A red devil (Depths:3)
  3 tengu conjurers
  8 tyrant leeches
  A wind drake (shapeshifter) (Vaults:5)
  20 hornets
  A hornet (shapeshifter) (Vaults:2)
  3 raiju (Zot:1)
  21 polar bears
  30 slime creatures
  18 blink frogs
  An alligator zombie (Crypt:2)
  An iron dragon simulacrum (Crypt:2)
  5 flying skulls (Crypt:2)
  4 fire dragon zombies
  An ettin skeleton (Crypt:2)
  A centaur simulacrum (Gauntlet)
  8 redbacks
  4 vampires
  19 wraiths
  Sigmund (D:6)
  57 yaks
  6 water elementals
  20 shadows
  5 wyverns
  A fire dragon skeleton (Crypt:1)
  An ushabti (Crypt:3)
  2 tarantellas (Vaults:4)
  9 basilisks
  3 fire bats (shapeshifter)
  3 air elementals
  Grum (Lair:1)
  5 fire elementals
  11 vampire mosquitoes
  2 neqoxecs (D:6)
  2 chaos spawn
  A merfolk zombie (Crypt:3)
  A warg (Vaults:3)
  Edmund (D:6)
  3 acid dragons
  56 nagas
  13 swamp worms
  23 water moccasins
  3 floating eyes (shapeshifter)
  2 cane toad zombies
  A hydra simulacrum (Gauntlet)
  A gelid demonspawn skeleton (Crypt:1)
  A hornet zombie (D:11)
  7 swamp drakes
  2 floating eyes
  4 sky beasts
  6 ice beasts
  A sky beast (shapeshifter) (Depths:4)
  An ice beast (shapeshifter) (Depths:3)
  26 ogres
  6 phantoms
  2 black bears
  15 necrophages
  42 orc warriors
  34 wolves
  2 eyes of draining
  An ettin simulacrum (Vaults:3)
  7 boggarts
  14 centaurs
  A snapping turtle skeleton (Crypt:2)
  A hog skeleton (Crypt:1)
  2 big kobolds
  An octopode zombie (Crypt:1)
  4 human zombies
  23 bullfrogs
  A bullfrog (shapeshifter) (Vaults:5)
  3 earth elementals
  A merfolk simulacrum (Crypt:2)
  A glowing shapeshifter simulacrum (Depths:3)
  3 wyvern zombies
  8 wyvern skeletons
  A scorpion (shapeshifter) (Vaults:2)
  A water moccasin zombie (D:7)
  6 scorpions
  A spriggan zombie (Crypt:3)
  18 killer bees
  13 wights
  2 human simulacra
  An electric eel (Lair:2)
  10 howler monkeys
  A troll skeleton (Crypt:1)
  5 bullfrog zombies
  7 hounds
  4 quasits
  24 orc priests
  3 bullfrog skeletons
  3 jellies
  30 orc wizards
  8 centaur skeletons
  4 iron imps
  2 human skeletons (Crypt:1)
  5 iguanas
  14 worker ants
  6 lightning spires
  An acid dragon zombie (Crypt:2)
  A hound zombie (D:6)
  5 mummies
  4 worker ant zombies
  23 adders
  10 gnolls
  3 shadow imps
  3 white imps
  3 ufetubi
  2 adder zombies
  4 worms
  2 adder skeletons
  A dart slug (D:3)
  2 leopard geckos
  127 orcs
  5 giant cockroaches
  13 goblins
  6 hobgoblins
  6 jackals
  19 kobolds
  3 ball pythons
  8 bats
  A dart slug zombie (Crypt:2)
  4 frilled lizards
  A jackal zombie (D:5)
  A quokka zombie (D:5)
  13 rats
  A rat zombie (Crypt:2)
  3 ball lightnings (Zot:1)
  A bush (D:1)
  4 crawling corpses
  8 withered plants (Crypt:3)
2734 creatures vanquished.

Vanquished Creatures (others)
  A fire giant (Depths:1)
  A draconian scorcher (Depths:5)
  A draconian shifter (Zot:1)
  A black draconian (Zot:1)
  A white draconian (Zot:1)
  An alligator (Swamp:1)
  2 sixfirhies (Zot:1)
  An obsidian statue (Swamp:2)
  A deep elf mage (Elf:3)
  2 bloated husks
  An orc (Orc:2)
  2 ball lightnings (Zot:1)
  A bush (Lair:6)
  4 foxfires
  55 fungi
  101 plants
  54 withered plants
230 creatures vanquished.

Grand Total: 2964 creatures vanquished

Notes
Turn   | Place    | Note
-------+----------+-------------------------------------------
     0 | D:1      | Anon1729 the Draconian Transmuter began the quest for the
                  | Orb.
     0 | D:1      | Reached XP level 1. HP: 16/16 MP: 3/3
   595 | D:1      | Reached XP level 2. HP: 23/23 MP: 5/5
  1162 | D:2      | Learned a level 2 spell: Wereblood
  1323 | D:2      | Reached XP level 3. HP: 9/28 MP: 4/6
  2292 | D:2      | You fall into a shaft and drop 1 floor!
  2338 | D:2      | Reached XP level 4. HP: 32/35 MP: 5/7
  2701 | D:3      | Learned a level 3 spell: Spider Form
  3018 | D:3      | Reached skill level 5 in Unarmed Combat
  3018 | D:3      | Reached XP level 5. HP: 3/40 MP: 4/8
  3936 | D:4      | Reached XP level 6. HP: 31/47 MP: 6/9
  4139 | D:4      | Found an ancient bone altar of Kikubaaqudgha.
  4510 | D:4      | Found a staircase to the Ecumenical Temple.
  4560 | Temple   | Entered the Ecumenical Temple
  4753 | D:4      | Reached skill level 5 in Transmutations
  5046 | D:4      | Your scales start taking on a dull iron-grey colour.
  5046 | D:4      | Reached XP level 7. HP: 37/52 MP: 10/10
  5046 | D:4      | Gained mutation: You can survive without breathing. [Grey
                  | Draconian growth]
  5118 | Temple   | Became a worshipper of Uskayaw the Reveller
  5171 | D:4      | Reached * piety under Uskayaw
  5174 | D:4      | Reached ** piety under Uskayaw
  5339 | D:4      | Found Ethi's Armour Shop.
  5343 | D:4      | Bought a scarf of resistance for 320 gold pieces
  5409 | D:5      | Entered Level 5 of the Dungeon
  5544 | D:4      | Learned a level 5 spell: Blade Hands
  5582 | D:5      | Reached *** piety under Uskayaw
  5584 | D:5      | Reached skill level 1 in Invocations
  5718 | D:5      | Found a broken altar of Ashenzari.
  6163 | D:5      | Reached XP level 8. HP: 39/59 MP: 7/12
  6878 | D:6      | Reached **** piety under Uskayaw
  7204 | D:6      | Learned a level 2 spell: Blink
  7218 | D:6      | Reached XP level 9. HP: 31/64 MP: 10/15
  7228 | D:6      | Got a scorched short sword
  7229 | D:6      | Identified the cursed +1 short sword "Nuar" {venom, Fragile
                  | rC+ Str+3 Int+3} (You found it on level 6 of the Dungeon)
  7578 | D:6      | Found Plog's General Store.
  7584 | D:6      | Bought a potion of brilliance for 56 gold pieces
  7584 | D:6      | Bought a potion of might for 56 gold pieces
  7602 | D:6      | Noticed Edmund
  7614 | D:6      | Killed Edmund
  7686 | D:6      | Noticed Sigmund
  7692 | D:6      | Killed Sigmund
  8145 | D:7      | Reached skill level 5 in Spellcasting
  8145 | D:7      | Reached skill level 5 in Invocations
  8828 | D:7      | Found Villeu's Gadget Boutique.
  9196 | D:8      | Noticed a two-headed ogre
 10284 | D:8      | Noticed a komodo dragon
 10352 | D:8      | Killed a komodo dragon
 10353 | D:8      | Reached XP level 10. HP: 42/71 MP: 2/17
 11308 | D:9      | Found a runed translucent door.
 11308 | D:9      | Noticed a two-headed ogre
 11331 | D:9      | Killed a two-headed ogre
 11362 | D:9      | Found a basalt altar of Yredelemnul.
 11373 | D:9      | Noticed Erica
 11388 | D:9      | Killed Erica
 11883 | D:9      | Noticed Gastronok
 11931 | D:9      | Reached skill level 10 in Unarmed Combat
 12126 | D:10     | Entered Level 10 of the Dungeon
 12161 | D:10     | Reached ***** piety under Uskayaw
 12328 | D:10     | Killed an unseen horror
 12521 | D:10     | Noticed Erolcha
 12923 | D:9      | Killed Gastronok
 12924 | D:9      | Reached skill level 10 in Transmutations
 12924 | D:9      | Reached XP level 11. HP: 64/77 MP: 14/18
 12970 | D:9      | Found a staircase to the Lair.
 13055 | Lair:1   | Entered Level 1 of the Lair of Beasts
 13385 | Lair:1   | Noticed Grum
 13409 | Lair:1   | Killed Grum
 14463 | Lair:2   | Reached skill level 10 in Invocations
 14463 | Lair:2   | Reached ****** piety under Uskayaw
 14467 | Lair:2   | Noticed Sonja
 14470 | Lair:2   | Killed Sonja
 14815 | Lair:2   | You fall into a shaft and drop 2 floors!
 14815 | Lair:4   | Found a staircase to the Snake Pit.
 14834 | Lair:4   | Reached XP level 12. HP: 81/83 MP: 13/19
 14842 | Lair:4   | Reached skill level 5 in Dodging
 14846 | Lair:4   | Noticed a six-headed hydra
 14864 | Lair:4   | Learned a level 6 spell: Statue Form
 15172 | Lair:4   | Reached skill level 1 in Poison Magic
 15192 | Lair:4   | Reached skill level 1 in Evocations
 17127 | Lair:3   | Reached skill level 1 in Translocations
 17127 | Lair:3   | Reached skill level 1 in Earth Magic
 17139 | Lair:3   | Noticed a four-headed hydra
 17457 | Lair:3   | Noticed Nergalle
 17470 | Lair:3   | Killed Nergalle
 17557 | Lair:3   | Noticed a catoblepas
 17786 | Lair:2   | Reached skill level 2 in Earth Magic
 18246 | Lair:2   | Found a staircase to the Swamp.
 18791 | Lair:3   | Reached skill level 3 in Earth Magic
 18879 | Lair:3   | Noticed a four-headed hydra
 19231 | Lair:3   | Killed a catoblepas
 19232 | Lair:3   | Reached XP level 13. HP: 70/89 MP: 17/21
 19361 | Lair:3   | Reached skill level 4 in Earth Magic
 19768 | Lair:3   | Reached skill level 5 in Earth Magic
 19784 | Lair:3   | Reached skill level 6 in Earth Magic
 20138 | Lair:3   | Reached skill level 7 in Earth Magic
 20680 | Lair:5   | Found a runed translucent door.
 20680 | Lair:5   | Found a viscous altar of Jiyva.
 20681 | Lair:5   | Noticed an acid blob
 20699 | Lair:5   | Found a frozen archway.
 20795 | Lair:5   | Reached skill level 8 in Earth Magic
 20986 | Lair:5   | Found a staircase to the Slime Pits.
 20987 | Lair:5   | Noticed an acid blob
 21014 | IceCv    | Entered an ice cave
 21090 | IceCv    | Learned a level 4 spell: Ice Form
 21097 | IceCv    | Got a flickering bronze ring
 21099 | IceCv    | Identified the ring of the Hippo {Int+6 Slay+3} (You found
                  | it in an ice cave)
 21148 | IceCv    | Reached skill level 9 in Earth Magic
 21911 | IceCv    | Reached skill level 10 in Earth Magic
 22052 | IceCv    | Noticed a frost giant
 22060 | IceCv    | Killed a frost giant
 22061 | IceCv    | Reached XP level 14. HP: 39/96 MP: 18/25
 23110 | Lair:6   | Entered Level 6 of the Lair of Beasts
 23201 | Lair:6   | Reached skill level 11 in Earth Magic
 23710 | Lair:6   | Reached skill level 12 in Earth Magic
 24172 | Lair:6   | Identified 2 scrolls of acquirement
 24176 | Lair:6   | Acquired a Fen Folio
 24638 | Lair:6   | Reached skill level 13 in Earth Magic
 24882 | Lair:6   | Reached skill level 14 in Earth Magic
 25557 | Lair:6   | Reached skill level 15 in Earth Magic
 25861 | D:10     | Paralysed by Erolcha for 4 turns
 25865 | D:10     | Killed Erolcha
 27115 | D:11     | Learned a level 3 spell: Stone Arrow
 27123 | D:11     | Acquired the +2 hat of Unnejea {Regen+}
 27403 | D:12     | Reached XP level 15. HP: 102/102 MP: 22/27
 27406 | D:12     | Noticed Psyche
 27413 | D:12     | Reached skill level 16 in Earth Magic
 27421 | D:11     | Paralysed by something for 6 turns
 27431 | D:11     | Killed Psyche
 27648 | D:12     | Found a staircase to the Orcish Mines.
 28918 | D:13     | Paralysed by a floating eye for 3 turns
 29706 | D:14     | Found a gate leading to a gauntlet.
 29726 | Gauntlet | Entered a Gauntlet
 29726 | Gauntlet | Found a transporter.
 29729 | Gauntlet | Found a transporter.
 29731 | Gauntlet | Found a transporter.
 29735 | Gauntlet | Found a transporter.
 29742 | Gauntlet | Found a transporter.
 29742 | Gauntlet | Found a transporter.
 29747 | Gauntlet | Found a transporter.
 29748 | Gauntlet | Found a transporter.
 29766 | Gauntlet | Found a transporter.
 29771 | Gauntlet | Found a transporter.
 29775 | Gauntlet | Found a transporter.
 29784 | Gauntlet | Found a transporter.
 29924 | Gauntlet | Got a glittering amber ring
 29944 | Gauntlet | Got a fine cloak
 29955 | Gauntlet | Identified the +0 cloak of the Zebra {Dex+4} (You found it
                  | in a Gauntlet)
 29966 | Gauntlet | Identified the ring "Fusil" {rC+ Dex+6 Stlth+} (You found
                  | it in a Gauntlet)
 30022 | D:14     | Reached skill level 17 in Earth Magic
 30022 | D:14     | Reached XP level 16. HP: 108/108 MP: 28/28
 30108 | D:14     | Reached skill level 18 in Earth Magic
 30123 | D:14     | Found Ocwam's Book Shop.
 30142 | D:14     | Learned a level 7 spell: Dragon Form
 30357 | D:14     | Found a gate to the Vaults.
 31190 | D:15     | Entered Level 15 of the Dungeon
 32119 | D:15     | Found a sparkling altar of Nemelex Xobeh.
 32437 | D:15     | Found a staircase to the Depths.
 33338 | Orc:1    | Entered Level 1 of the Orcish Mines
 33681 | Orc:2    | Entered Level 2 of the Orcish Mines
 33748 | Orc:2    | Found a staircase to the Elven Halls.
 34181 | Orc:2    | Found a roughly hewn altar of Beogh.
 34260 | Orc:2    | Found a roughly hewn altar of Beogh.
 34498 | Orc:2    | Reached XP level 17. HP: 114/114 MP: 23/30
 34505 | Orc:2    | Found a roughly hewn altar of Beogh.
 34505 | Orc:2    | Found Isycloali's Antique Weapon Shoppe.
 34821 | Orc:2    | Found Tuir Ruo's Antique Armour Emporium.
 34938 | Orc:2    | Found a roughly hewn altar of Beogh.
 35021 | Orc:2    | Found a roughly hewn altar of Beogh.
 35114 | Orc:2    | Found a roughly hewn altar of Beogh.
 35115 | Orc:2    | Found Lyurieko's General Store.
 35215 | Orc:2    | Bought a scroll of identify for 34 gold pieces
 35245 | Orc:2    | Found a roughly hewn altar of Beogh.
 35352 | Orc:2    | Found a roughly hewn altar of Beogh.
 35353 | Orc:2    | Found Vearexti's Distillery.
 35761 | Orc:1    | Found a shimmering blue altar of Sif Muna.
 35873 | Orc:1    | Identified Sif Muna's Tome of Companions
 35943 | Elf:1    | Entered Level 1 of the Elven Halls
 36209 | Elf:1    | Reached skill level 19 in Earth Magic
 36981 | Elf:1    | Found a shimmering blue altar of Sif Muna.
 37005 | Elf:1    | Reached skill level 10 in Spellcasting
 37487 | Elf:1    | Found Cukouh's Armour Shop.
 38017 | Elf:2    | Noticed Jorgrun
 38060 | Elf:1    | Killed Jorgrun
 38396 | Elf:1    | Learned a level 2 spell: Passwall
 39032 | Elf:2    | Noticed Agnes
 39044 | Elf:2    | Killed Agnes
 39667 | Elf:2    | Found a runed translucent gate.
 39667 | Elf:2    | Found a runed translucent gate.
 39668 | Elf:2    | Found a runed translucent gate.
 40077 | Elf:2    | Noticed a deep elf blademaster
 40102 | Elf:2    | Killed a deep elf blademaster
 40730 | Elf:2    | Reached XP level 18. HP: 121/121 MP: 25/33
 40935 | Elf:3    | Entered Level 3 of the Elven Halls
 41405 | Elf:3    | Reached skill level 20 in Earth Magic
 42088 | Elf:3    | Identified the +4 scale mail "Maixzezxa" {-Cast rPois rCorr
                  | Int+2}
 42611 | Elf:3    | Noticed a Brimstone Fiend
 42627 | Elf:3    | Identified the +3 leather armour of the Snail {Will+ Dex+3
                  | Slay+3}
 42627 | Elf:3    | Identified the ring of the Orange Skies {+Inv rN+ SInv}
 43293 | Elf:3    | Identified the ring of Ixeck {rPois rF- rCorr Slay+3}
 43385 | Elf:3    | Noticed a Hell Sentinel
 43413 | Elf:3    | Noticed a Tzitzimitl
 43442 | Elf:3    | Identified the cursed +1 ring mail of the Past {Str-2
                  | Dex+3}
 43648 | Elf:3    | Identified the +7 chain mail of the Skies Above {rCorr
                  | Dex+4}
 43649 | Elf:3    | Reached skill level 15 in Unarmed Combat
 43871 | Elf:3    | Acquired the Collected Works on Mutagenic Confrontation
 44392 | Elf:3    | Identified the Almanac of the Cankerous Mountains
 44398 | Elf:3    | Learned a level 3 spell: Ignite Poison
 44839 | Swamp:1  | Entered Level 1 of the Swamp
 45040 | Swamp:1  | Reached skill level 5 in Fighting
 45040 | Swamp:1  | Reached skill level 15 in Transmutations
 45102 | Swamp:1  | Reached XP level 19. HP: 139/139 MP: 35/35
 45365 | Swamp:1  | You are sucked into a shaft and drop 1 floor!
 45365 | Swamp:2  | Found a transporter.
 45365 | Swamp:2  | Found a transporter.
 47632 | Swamp:1  | Learned a level 9 spell: Shatter
 47734 | Snake:1  | Entered Level 1 of the Snake Pit
 47754 | Snake:1  | Noticed Josephine
 47762 | Snake:1  | Killed Josephine
 48430 | Snake:1  | Noticed Louise
 48448 | Snake:1  | Killed Louise
 49000 | Snake:1  | Reached skill level 21 in Earth Magic
 50515 | Snake:2  | Found Solyts's Gadget Emporium.
 51102 | Snake:3  | Reached XP level 20. HP: 159/161 MP: 36/36
 51371 | Snake:3  | Reached skill level 10 in Fighting
 52376 | Snake:4  | Entered Level 4 of the Snake Pit
 53754 | Snake:4  | Found Necuk's Armour Shop.
 53770 | Snake:4  | Found Nykli's General Store.
 54045 | Snake:4  | Noticed Vashnia
 54252 | Snake:4  | Killed Vashnia
 54537 | Snake:4  | Got a serpentine rune of Zot
 54953 | Snake:4  | Found Duevim's Distillery.
 54953 | Snake:4  | Found Janoepua's Antique Weapon Boutique.
 54964 | Snake:4  | Bought a potion of resistance for 140 gold pieces
 54964 | Snake:4  | Bought a potion of magic for 112 gold pieces
 54964 | Snake:4  | Bought a potion of haste for 140 gold pieces
 54964 | Snake:4  | Bought a potion of curing for 42 gold pieces
 55618 | Swamp:4  | Entered Level 4 of the Swamp
 55876 | Swamp:4  | Paralysed by a hornet for 2 turns
 56378 | Swamp:4  | Got a decaying rune of Zot
 56692 | Vaults:1 | Entered Level 1 of the Vaults
 56737 | Vaults:1 | Reached XP level 21. HP: 176/176 MP: 38/38
 57027 | Vaults:1 | Got a pair of encrusted gloves
 57033 | Vaults:1 | Identified the +2 pair of gloves of the Thirteen Demons
                  | {Str+3} (You found it on level 1 of the Vaults)
 57603 | Vaults:1 | You are sucked into a shaft and drop 1 floor!
 58224 | Vaults:1 | Reached skill level 22 in Earth Magic
 61003 | Vaults:3 | Found a staircase to the Crypt.
 61147 | Vaults:3 | Noticed Sojobo
 61149 | Vaults:3 | Paralysed by a vampire knight for 7 turns
 61764 | Vaults:3 | Killed Sojobo
 61765 | Vaults:3 | Reached XP level 22. HP: 119/191 MP: 18/40
 62389 | Vaults:3 | Reached skill level 15 in Fighting
 63707 | Vaults:4 | Found Kosch's Distillery.
 63712 | Vaults:4 | Bought a potion of curing for 48 gold pieces
 63712 | Vaults:4 | Bought a potion of might for 64 gold pieces
 63712 | Vaults:4 | Bought a potion of mutation for 128 gold pieces
 63712 | Vaults:4 | Bought a potion of berserk rage for 80 gold pieces
 63712 | Vaults:4 | Bought a potion of invisibility for 128 gold pieces
 63712 | Vaults:4 | Bought a potion of might for 64 gold pieces
 63712 | Vaults:4 | Bought a potion of mutation for 128 gold pieces
 63712 | Vaults:4 | Bought a potion of ambrosia for 128 gold pieces
 64052 | Vaults:4 | Acquired 497 gold pieces
 65382 | Vaults:4 | Learned a level 5 spell: Lee's Rapid Deconstruction
 65384 | Vaults:4 | Learned a level 1 spell: Apportation
 65452 | Vaults:5 | Entered Level 5 of the Vaults
 65465 | Vaults:5 | Reached skill level 15 in Spellcasting
 65870 | Vaults:5 | Reached XP level 23. HP: 163/204 MP: 16/42
 65872 | Vaults:5 | Reached skill level 23 in Earth Magic
 66680 | Vaults:5 | Noticed an ancient lich
 66681 | Vaults:5 | Killed an ancient lich
 66692 | Vaults:5 | Identified the ring of Equivalence {Wiz rPois Str-4 Int+3}
 67386 | Vaults:5 | Got a silver rune of Zot
 67585 | Vaults:5 | Identified the Disquisition on Ignition and Beguiling
 68664 | Depths:1 | Entered Level 1 of the Depths
 69209 | Depths:1 | Found an iron altar of Okawaru.
 69290 | Depths:1 | Identified the +0 mace of the Rattlesnake {vamp, rElec
                  | Str+3}
 69626 | Depths:1 | Identified the cursed +0 falchion "Tormentor" {vorpal, rF++
                  | Will+ MP-9 Dex+4}
 69744 | Depths:1 | Found a one-way gate to the infinite horrors of the Abyss.
 69823 | Depths:1 | Found a runed translucent gate.
 69824 | Depths:1 | Found a runed translucent gate.
 69825 | Depths:1 | Found a runed translucent gate.
 69826 | Depths:1 | Noticed Qiwept's ghost (veteran BaIE)
 69978 | Depths:1 | Killed Qiwept's ghost
 70217 | Depths:1 | Found a gateway to Hell.
 70426 | Depths:2 | Reached XP level 24. HP: 217/217 MP: 39/42
 70709 | Depths:2 | Noticed a juggernaut
 70715 | Depths:2 | Killed a juggernaut
 71337 | Depths:2 | Found a one-way gate leading to the halls of Pandemonium.
 72048 | Depths:3 | Noticed a juggernaut
 72052 | Depths:3 | Killed a juggernaut
 72086 | Depths:3 | Noticed a juggernaut
 72134 | Depths:3 | Killed a juggernaut
 72604 | Depths:3 | Noticed Nikola
 72614 | Depths:3 | Killed Nikola
 72704 | Depths:3 | Found a shimmering altar of Xom.
 72951 | Depths:3 | Reached skill level 24 in Earth Magic
 74199 | Depths:4 | Reached XP level 25. HP: 146/224 MP: 26/43
 74374 | Depths:4 | Reached skill level 5 in Evocations
 74400 | Depths:4 | Noticed Margery
 74406 | Depths:4 | Killed Margery
 75619 | Depths:5 | Entered Level 5 of the Depths
 75626 | Depths:5 | Found a runed translucent gate.
 75626 | Depths:5 | Found a runed translucent gate.
 75626 | Depths:5 | Found a runed translucent gate.
 75627 | Depths:5 | Noticed a juggernaut
 75629 | Depths:5 | Noticed Dameikh's ghost (veteran FoFi)
 75656 | Depths:5 | Found a gateway to a ziggurat.
 75745 | Depths:5 | Found a magical portal.
 75996 | WizLab   | Entered Iskenderun's Mystic Tower
 77095 | WizLab   | Identified Iskenderun's Almanac of Confrontation
 77095 | WizLab   | Identified Iskenderun's Grimoire of Attacks
 77965 | Depths:5 | Killed a juggernaut
 77971 | Depths:5 | Killed Dameikh's ghost
 77984 | Depths:5 | Reached XP level 26. HP: 150/239 MP: 6/43
 78437 | Depths:5 | Found a gate to the Realm of Zot.
 78832 | Zot:1    | Entered Level 1 of the Realm of Zot
 79123 | Crypt:1  | Entered Level 1 of the Crypt
 79287 | Crypt:1  | Reached skill level 10 in Evocations
 80285 | Crypt:2  | Found a huge runed gate.
 80285 | Crypt:2  | Found a huge runed gate.
 80285 | Crypt:2  | Found a huge runed gate.
 80285 | Crypt:2  | Found a huge runed gate.
 80285 | Crypt:2  | Found a huge runed gate.
 80285 | Crypt:2  | Found a huge runed gate.
 80285 | Crypt:2  | Found a huge runed gate.
 80321 | Crypt:2  | Found a huge runed gate.
 80321 | Crypt:2  | Found a huge runed gate.
 80321 | Crypt:2  | Found a huge runed gate.
 80321 | Crypt:2  | Found a huge runed gate.
 80344 | Crypt:2  | Found a huge runed gate.
 80344 | Crypt:2  | Found a huge runed gate.
 80344 | Crypt:2  | Found a huge runed gate.
 80345 | Crypt:2  | Found a huge runed gate.
 80348 | Crypt:2  | Found a huge runed gate.
 80348 | Crypt:2  | Found a huge runed gate.
 80391 | Crypt:2  | Noticed Frederick
 80412 | Crypt:2  | Killed Frederick
 80438 | Crypt:2  | Paralysed by a vampire knight for 3 turns
 80934 | Crypt:2  | Noticed a royal mummy
 80935 | Crypt:2  | Noticed a royal mummy
 80937 | Crypt:2  | Noticed Khufu
 80942 | Crypt:2  | Killed a royal mummy
 80943 | Crypt:2  | Killed a royal mummy
 80948 | Crypt:2  | Killed Khufu
 81466 | Crypt:2  | Found a huge runed gate.
 81466 | Crypt:2  | Found a huge runed gate.
 81466 | Crypt:2  | Found a huge runed gate.
 81468 | Crypt:2  | Found a huge runed gate.
 81469 | Crypt:2  | Found a huge runed gate.
 81470 | Crypt:2  | Found a huge runed gate.
 81471 | Crypt:2  | Found a huge runed gate.
 81471 | Crypt:2  | Found a huge runed gate.
 82056 | Crypt:2  | Noticed an ancient lich
 82057 | Crypt:2  | Killed an ancient lich
 82061 | Crypt:2  | Found a huge runed gate.
 82072 | Crypt:2  | Identified Sif Muna's Collected Works on Creation
 82220 | Crypt:2  | Got a glittering brass ring
 82252 | Crypt:2  | Found a huge runed gate.
 82252 | Crypt:2  | Found a huge runed gate.
 82253 | Crypt:2  | Found a huge runed gate.
 82359 | Crypt:3  | Entered Level 3 of the Crypt
 83453 | Crypt:3  | Found a staircase to the Tomb.
 83557 | Crypt:3  | Found a basalt altar of Yredelemnul.
 83573 | Crypt:3  | Reached XP level 27. HP: 172/249 MP: 26/44
 84017 | Crypt:3  | Identified the +1 trident of Utromom {protect, Dex+4}
 84934 | Crypt:2  | Identified the ring "Veqol" {rN++ AC+4 Str+4} (You found it
                  | on level 2 of the Crypt)
 86436 | Zot:1    | Reached skill level 15 in Invocations
 86609 | Zot:1    | Acquired the +7 captain's cutlass {speed, disarm}
 86610 | Zot:1    | Found the +7 captain's cutlass {speed, disarm}
 89766 | Zot:2    | Found the +3 crown of Dyrovepreva {rElec Int+2 SInv}
 89836 | Zot:2    | Identified the Collected Works on Cold and the Arsonist
 89993 | Zot:2    | Noticed an orb of fire
 89996 | Zot:2    | Gained mutation: Scrolls take you a little longer to read.
                  | [an orb of fire]
 90000 | Zot:2    | Gained mutation: You passively map a small area around you.
                  | [an orb of fire]
 90001 | Zot:2    | Killed an orb of fire
 91095 | Zot:2    | Reached skill level 15 in Evocations
 91212 | Zot:2    | Found a runed translucent door.
 91212 | Zot:2    | Found a shimmering altar of Xom.
 91212 | Zot:2    | Noticed Toelubet's ghost (veteran CeHu)
 91239 | Zot:2    | Killed Toelubet's ghost
 91355 | Zot:2    | Identified Dispater's Catalogue of Earth
 94665 | Zot:5    | Entered Level 5 of the Realm of Zot
 95390 | Zot:5    | Noticed an ancient lich
 95409 | Zot:5    | Killed an ancient lich
 95632 | Zot:5    | Noticed an orb of fire
 95633 | Zot:5    | Gained mutation: You tend to lose your temper in combat.
                  | [an orb of fire]
 95638 | Zot:5    | Gained mutation: Scrolls take you longer to read. [an orb
                  | of fire]
 95643 | Zot:5    | Killed an orb of fire
 95646 | Zot:5    | Lost mutation: You tend to lose your temper in combat.
                  | [potion of mutation]
 95646 | Zot:5    | Lost mutation: Scrolls take you longer to read. [potion of
                  | mutation]
 95646 | Zot:5    | Lost mutation: Scrolls take you a little longer to read.
                  | [potion of mutation]
 95646 | Zot:5    | Gained mutation: You are occasionally teleported next to
                  | monsters. [potion of mutation]
 95646 | Zot:5    | Gained mutation: You have a pair of small horns on your
                  | head. [potion of mutation]
 95646 | Zot:5    | Gained mutation: You have a pair of horns on your head.
                  | [potion of mutation]
 95646 | Zot:5    | Gained mutation: You expend magic power (3 MP) to
                  | strengthen your wands. [potion of mutation]
 95647 | Zot:5    | Lost mutation: You passively map a small area around you.
                  | [potion of mutation]
 95647 | Zot:5    | Lost mutation: You are occasionally teleported next to
                  | monsters. [potion of mutation]
 95647 | Zot:5    | Lost mutation: You expend magic power (3 MP) to strengthen
                  | your wands. [potion of mutation]
 95647 | Zot:5    | Gained mutation: You expend magic power (3 MP) to
                  | strengthen your wands. [potion of mutation]
 95647 | Zot:5    | Gained mutation: You can translocate small distances at
                  | will. [potion of mutation]
 95953 | Zot:5    | Noticed an ancient lich
 95969 | Zot:5    | Paralysed by an ancient lich for 5 turns
 95975 | Zot:5    | Killed an ancient lich
 96226 | Zot:5    | Noticed an orb of fire
 96237 | Zot:5    | Killed an orb of fire
 96254 | Zot:5    | Noticed an orb of fire
 96262 | Zot:5    | Killed an orb of fire
 96710 | Zot:5    | Noticed an ancient lich
 96715 | Zot:5    | Noticed an ancient lich
 96725 | Zot:5    | Killed an ancient lich
 96728 | Zot:5    | Killed an ancient lich
 98288 | Zot:5    | Got the Orb of Zot
 98632 | D:12     | Noticed Ekhly the pandemonium lord
 98793 | D:8      | Gained mutation: Your magical capacity is low. (-10% MP) [a
                  | cacodemon]
 98853 | D:6      | Noticed Qifar the pandemonium lord
 98857 | D:6      | Gained mutation: You are weak. (Str -2) [a neqoxec]
 98890 | D:4      | Noticed Tem Qexaif the pandemonium lord
 98978 | D:$      | Escaped with the Orb!

Illustrated notes

Levels and vault maps discovered:
D:1:      kennysheep_arrival_forest, layout_loops_cross, serial_forest,
          infiniplex_forest_join, infiniplex_forest_straight_5,
          infiniplex_forest_lined_4_way, infiniplex_forest_corner_1,
          infiniplex_forest_diagonal, infiniplex_forest_lined_room_2,
          infiniplex_forest_lined_2
D:2:      layout_basic, minmay_tetromino_t4
D:3:      layout_rooms
D:4:      layout_cave_pools, lemuel_round_altar, minmay_temple_entry_offerings,
          serial_shops, nicolae_shop_crystal
D:5:      wad_river_or_something, layout_basic, cheibrodos_ashenzari_chains
D:6:      layout_cave_pools, serial_shops, shop_statue, sigmund_edmund_badplayer
D:7:      layout_basic, serial_shops, shop
D:8:      layout_gridville
D:9:      layout_basic, lair_entry_dummy, dk_yredelemnul_ordeal, uniq_gastronok,
          uniq_erica
D:10:     layout_rooms, uniq_erolcha
D:11:     layout_basic, serial_bayou, serial_bayou_shore_b, serial_bayou_ford_a,
          serial_bayou_pond_b, serial_bayou_pond_a, serial_bayou_pond_a,
          chequers_serial_rivers_large_b
D:12:     layout_long_grid, david_orc_3, uniq_psyche
D:13:     layout_cave_pools
D:14:     layout_irregular_city, lightli_vaults_fourway_checkpoint,
          gauntlet_entry_generic, serial_shops, shop
D:15:     gammafunk_depths_entry_grave, layout_gridville,
          nemelex_xobeh_ov_fountains_minmay
Temple:   regret_index_temple_chain_breaker
Lair:1:   layout_loops_ring, minivault_26, lemuel_fruit_fields,
          grunt_megastairs_5, uniq_grum
Lair:2:   layout_hall_layers, nicolae_swamp_entry_splash_gauntlet,
          grunt_megastairs_4, lemuel_fruit_tree, uniq_sonja
Lair:3:   layout_layer_cave, special_room [special_room_bee], uniq_nergalle
Lair:4:   layout_loops_ring, minmay_snake_entry_six_corridors, minmay_holes,
          kennysheep_basilisk_garden, serial_bayou_shore_b,
          serial_bayou_shore_b, minmay_lair_oklob_chamber
Lair:5:   layout_hall_layers, slime_altar_2, portal_ice_cave_entry_pillars_1,
          serial_bayou_lake_a
Lair:6:   grunt_lair_end_beastmaster, layout_gridlike, small_statue_intersection
Swamp:1:  layout_basic_swamp, evilmike_swamp_ruin_house_1
Swamp:2:  gammafunk_sealed_arena, layout_basic_swamp, infiniplex_staircase_pool
Swamp:3:  layout_basic_swamp, evilmike_swamp_ruin_house_5, swamp_pool4
Swamp:4:  swamp_alternative, layout_basic_swamp, swamp_pool5
Snake:1:  layout_chambers, uniq_louise, uniq_josephine
Snake:2:  layout_misc_corridors, serial_shops, shop,
          nicolae_snake_round_shape_thing
Snake:3:  layout_cave_town
Snake:4:  johnstein_snake_rune_scales, layout_layer_cave, minmay_shoptagon
Orc:1:    layout_diamond_mine, led_sif_book
Orc:2:    grunt_orc_community_town_hall, layout_caves,
          grunt_orc_community_big_house_1, grunt_orc_community_big_house_1,
          grunt_orc_community_house_3, grunt_orc_community_house_2,
          grunt_orc_community_house_2, grunt_orc_community_house_2,
          grunt_orc_community_house_2, grunt_orc_community_house_1
Elf:1:    eino_elf_arrival_sip, layout_gridlike, basic_altar, serial_shops,
          nicolae_shop_trees, kennysheep_underground_church, st_stairs_10,
          minivault_26, minivault_27
Elf:2:    layout_gridlike, uniq_agnes, uniq_jorgrun
Elf:3:    minmay_elf_hall_x, layout_loops_ring, minivault_15, grunt_megastairs_1
Vaults:1: nicolae_vaults_big_ls, vaults_standard_mumra_lines,
          grunt_vaults_swirl, v_misc_22, vaults_room_door_hall, v_misc_11,
          v_pattern_2, ontoclasm_vaults_loading_screen,
          ontoclasm_vaults_decontamination, layout_vaults_ring
Vaults:2: nicolae_vaults_little_ls, v_alt_pattern_1, v_misc_12,
          nicolae_vaults_yaktaur_gun_rack, v_misc_4, nicolae_vaults_network_s,
          v_misc_24, grunt_vaults_hallway_long,
          vaults_mumra_minichess_inversion, v_rooms_2, v_misc_13,
          layout_vaults_big_cross
Vaults:3: minmay_crypt_entry_simple_box, v_misc_33, v_alt_pattern_5,
          v_alt_pattern_3, v_misc_18, vaults_room_fours,
          nicolae_vaults_mini_display_case, grunt_vaults_hallway_long,
          nicolae_vaults_little_squares_4, sword_in_stone,
          layout_vaults_omnigrid
Vaults:4: vaults_room_hallway, hangedman_vaults_maws,
          nicolae_vaults_network_square, vaults_mumra_chevron, v_misc_14,
          ontoclasm_vaults_misaligned, v_misc_23,
          nicolae_vaults_little_squares_3, v_alt_pattern_4, v_misc_23,
          hangedman_vaults_corner, hangedman_vaults_cutoff,
          layout_vaults_maze_bifur, serial_shops, shop
Vaults:5: serial_shops
Crypt:1:  minmay_shadows, layout_misc_corridors,
          grunt_crypt_arrival_guarded_gate
Crypt:2:  hangedman_staggered_hall, layout_misc_corridors, door_vault,
          uniq_frederick, uniq_khufu
Crypt:3:  evilmike_haunted_forest
Depths:1: layout_gridlike, ebering_ghost_rock_garden,
          hangedman_abyss_or_decor_stabs, grunt_hell_entry_dis_grunt,
          abyss_entry, okawaru_ov_weapons_minmay
Depths:2: minmay_tri_box, layout_cave_pools, grunt_pan_entry_spiral,
          skrybe_limestone_x, hell_entry
Depths:3: minmay_the_grid_square_5x5_4x4
          [minmay_the_grid_square_5x5_half_checkered,
          minmay_the_grid_square_5x5_n,
          minmay_the_grid_square_5x5_checkered_sparse,
          minmay_the_grid_square_5x5_inner_i, minmay_the_grid_square_5x5_bite,
          minmay_the_grid_square_5x5_prize_monsterx,
          minmay_the_grid_square_5x5_prize_itemx,
          minmay_the_grid_square_5x5_two,
          minmay_the_grid_square_5x5_three_small,
          minmay_the_grid_square_5x5_prize_pseudospiral,
          minmay_the_grid_square_5x5_prize_gold,
          minmay_the_grid_square_5x5_lines,
          minmay_the_grid_square_5x5_tri_point,
          minmay_the_grid_square_5x5_broken_cross,
          minmay_the_grid_square_5x5_hourglass,
          minmay_the_grid_square_5x5_empty], layout_basic, grunt_mini_vestibule,
          rand_demon_pan_entry_1, lemuel_round_altar, minmay_misc_feat_pillars,
          kennysheep_small_square, uniq_nikola
Depths:4: minmay_expanding_squares, layout_cave_pools, hell_entry,
          abyss_entry_crystal, serial_glass, glass_columns_b, glass_columns_a,
          glass_columns_a, glass_columns_a, infiniplex_staircase_split_hallway,
          uniq_margery
Depths:5: grunt_zot_entry_alcove, layout_cave_shapes, enter_ziggurat_a,
          gammafunk_ghost_split, abyss_entry, infiniplex_enter_wizlab_glasses,
          pf_hell_entry_tar_river
Zot:1:    infiniplex_zot_generator, layout_misc_corridors
Zot:2:    layout_concentric_octagons, ebering_ghost_xom,
          st_large_dragon_hoard_2, grunt_megastairs_2
Zot:3:    layout_concentric_octagons, amethyst_zot_foddershock
Zot:4:    layout_concentric_octagons
Zot:5:    layout_gridlike

Skill      XL: |  1  2  3  4  5  6  7  8  9 10 11 12 13 14 15 16 17 18 19 20 21 22 23 24 25 26 27 |
---------------+----------------------------------------------------------------------------------+-----
Unarmed Combat | 4 5 6 7 9 10 11 12 13 14 15 16 17 18 19 20 22 | 22.0
Transmutations | 3 4 5 6 7 8 10 11 12 14 15 16 17 18 19 20 21 | 21.8
Invocations    | 2 4 6 9 10 11 13 14 17 | 17.7
Spellcasting   | 3 4 5 7 8 9 11 12 13 14 15 16 17 19 | 19.4
Dodging        | 2 4 6 |  6.6
Poison Magic   | 4 |  4.0
Evocations     | 2 4 9 12 17 | 17.4
Translocations | 2 |  2.0
Earth Magic    | 3 10 15 17 18 19 20 21 22 23 24 | 24.9
Fighting       | 5 9 12 14 16 18 19 20 22 | 22.7

Action                   |  1- 3 |  4- 6 |  7- 9 | 10-12 | 13-15 | 16-18 | 19-21 | 22-24 | 25-27 || total
-------------------------+-------+-------+-------+-------+-------+-------+-------+-------+-------++-------
Melee: Unarmed           |   270 |   178 |   287 |   381 |   847 |   920 |  1008 |   691 |  1270 ||  5852
       Tailslap          |    46 |    12 |    60 |    57 |   111 |   140 |   136 |   114 |   179 ||   855
       Kick              |    12 |    12 |     2 |       |       |       |       |       |       ||    26
       Headbutt          |     8 |     9 |     4 |       |       |       |       |       |     6 ||    27
       Punch             |     4 |     2 |    13 |    25 |    41 |    52 |    79 |    75 |   128 ||   419
       Short sword       |       |       |   175 |   105 |    15 |       |       |       |       ||   295
       Staff             |       |       |       |       |    23 |       |       |       |     1 ||    24
       Bite              |       |       |       |       |       |    66 |    83 |    51 |   136 ||   336
Throw: Dart              |     3 |     6 |    21 |     4 |       |       |       |       |       ||    34
 Cast: Beastly Appendage |    14 |    15 |     5 |       |       |       |     1 |       |       ||    35
       Wereblood         |     1 |     1 |     2 |     5 |    13 |     7 |     4 |     6 |    14 ||    53
       Spider Form       |       |     5 |     3 |     1 |       |       |       |       |     1 ||    10
       Blade Hands       |       |       |    20 |    42 |    23 |     4 |       |       |     3 ||    92
       Blink             |       |       |     6 |     8 |     8 |       |     2 |     1 |     6 ||    31
       Statue Form       |       |       |       |       |    41 |     1 |       |       |       ||    42
       Ice Form          |       |       |       |       |     3 |     1 |       |       |       ||     4
       Dragon Form       |       |       |       |       |       |    66 |    78 |    64 |   116 ||   324
       Passwall          |       |       |       |       |       |     4 |     1 |       |     3 ||     8
       Shatter           |       |       |       |       |       |       |    17 |    48 |   156 ||   221
       Lee's Rapid Decon |       |       |       |       |       |       |       |     2 |     6 ||     8
Invok: Grand Finale      |       |       |       |     1 |       |     1 |       |     1 |     3 ||     6
       Stomp             |       |       |       |       |       |     1 |       |       |     3 ||     4
 Abil: End Transformatio |       |       |       |       |     4 |     2 |     3 |     3 |     6 ||    18
       Stop Flying       |       |       |       |       |       |     1 |       |       |       ||     1
Evoke: Wand              |       |       |       |     1 |     4 |     2 |     1 |     1 |     2 ||    11
       Box of beasts     |       |       |       |       |       |     1 |       |       |       ||     1
  Use: Scroll            |       |    11 |     5 |     9 |    16 |     7 |    10 |     3 |    18 ||    79
       Potion            |       |       |       |       |     4 |     2 |       |     4 |    10 ||    20
 Stab: Paralysed         |       |       |     6 |    40 |    75 |    81 |    99 |    76 |   109 ||   486
       Sleeping          |       |       |       |     1 |       |    10 |     1 |     1 |       ||    13
       Petrifying        |       |       |       |       |     6 |       |       |       |       ||     6
       Petrified         |       |       |       |       |     4 |       |       |       |       ||     4
       Confused          |       |       |       |       |     1 |       |       |       |       ||     1
       Distracted        |       |       |       |       |       |     1 |       |       |     1 ||     2
Armor: Skin              |    65 |    36 |   208 |   152 |   531 |   376 |   550 |   302 |   701 ||  2921
Dodge: Dodged            |   107 |    99 |   245 |   378 |   870 |   304 |   326 |   190 |   336 ||  2855
Block: Other             |       |       |       |     8 |   269 |   146 |   152 |   102 |   175 ||   852
       Reflection        |       |       |       |       |     6 |     8 |    18 |    18 |    10 ||    60
